 Dungeon Crawl Stone Soup version 0.31-a0-263-ge8cad7f256 (webtiles) character file.

Game seed: 18256704922099286026

18 cforsyth the Changeling (level 3, -5/30 HPs)
             Began as a Meteoran Shapeshifter on July 13, 2023.
             Slain by a gnoll
             ... wielding a +0 flail
              (6 damage)
             ... on level 3 of the Dungeon.
             The game lasted 00:01:57 (345 turns).

cforsyth the Changeling (Meteoran Shapeshifter)      Turns: 345, Time: 00:01:57

Health: -5/30      AC:  2    Str: 18    XL:     3   Next: 8%
Magic:  4/4        EV: 13    Int:  9    God:
Gold:   44         SH:  0    Dex: 15    Spells: 2/2 levels left

rFire   . .          .
                       - Unarmed
rCold   . . .        (no shield)
rNeg    . . .        a - +0 animal skin
rPois   .            (helmet currently unavailable)
rElec   .            (cloak currently unavailable)
rCorr   .            (gloves currently unavailable)
SInv    .            (boots currently unavailable)
Will    .....        (no amulet)
Stlth   +            (no ring)
HPRegen 0.25/turn    (no ring)
MPRegen 0.09/turn

%: no passive effects
@: beast-form, glowing
A: beast (slay +2), sense surroundings 1, otherworldly, glowing, explore regen
a: Begin Untransformation


You were on level 3 of the Dungeon.
You were a hulking beast.
You visited 1 branch of the dungeon, and saw 3 of its levels.

You collected 44 gold pieces.

Inventory:

Armour
 a - a +0 animal skin (worn)
Talismans
 c - a beast talisman
Scrolls
 d - a scroll of identify {unknown}
 e - a scroll of fog {unknown}
 g - a scroll of noise {unknown}
Potions
 b - a potion of lignification
 f - 2 potions of berserk rage {unknown}


   Skills:
 + Level 2.5 Fighting
 + Level 2.8 Dodging
 + Level 2.8 Unarmed Combat
 + Level 3.8 Shapeshifting


You had 2 spell levels left.
You didn't know any spells.
Your spell library contained the following spells:

 Spells                   Type           Power      Damage    Failure   Level
 Poisonous Vapours        Pois/Air       0%         N/A       52%         2
 Scorch                   Fire           0%         2d5       52%         2
 Mephitic Cloud           Conj/Pois/Air  0%         N/A       77%         3
 Flame Wave               Conj/Fire      0%         2d4       99%         4
 Freezing Cloud           Conj/Ice/Air   0%         6-21      100%        5
 Summon Cactus Giant      Summ           0%         N/A       100%        6


Dungeon Overview and Level Annotations

Branches:
Dungeon (2/15) Zot: 1457

Altars:


Innate Abilities, Weirdness & Mutations

You are a hulking beast.
Your limbs bulge with bestial killing power. (Slay +2)
You passively map a small area around you.
You are easily found by Zot.
You glow in the dark.
You regain HP and MP as you explore.


Message History

Found 8 gold pieces.
You now have 44 gold pieces (gained 8).
A sourceless malevolence fills the Dungeon...
You fall into a shaft and drop 1 floor!
The shaft crumbles and collapses.
A goblin comes into view. It is wielding a +0 dagger.
The goblin shouts!
You hear a shout! x2
A gnoll comes into view. It is wielding a +0 halberd.
The goblin unwields a +0 dagger.
The goblin wields a +0 sling.
The goblin shoots a sling bullet.
The sling bullet completely misses you.
A gnoll comes into view. It is wielding a +0 flail.
The gnoll hits you with a +0 halberd.
You barely miss the gnoll. Your punch misses the gnoll. You hit the gnoll.
The gnoll is moderately wounded.
The gnoll hits you with a +0 halberd. The gnoll hits you with a +0 flail!
You barely miss the gnoll.
The gnoll is moderately wounded.
The gnoll barely misses you. The gnoll hits you with a +0 flail.
You closely miss the gnoll.
The gnoll is moderately wounded.
The gnoll hits you with a +0 halberd.
* * * LOW HITPOINT WARNING * * *
The gnoll completely misses you. The gnoll barely misses you.
The gnoll attacks as you move away! The gnoll closely misses you.
The goblin shoots a sling bullet.
The sling bullet barely misses you.
A quokka comes into view.
The goblin shoots a sling bullet.
The sling bullet closely misses you. The quokka attacks as you move away!
The quokka barely misses you.
You hit the quokka.
You kill the quokka!
The gnoll closely misses you. The gnoll hits you with a +0 halberd!
You hit the gnoll.
The gnoll is moderately wounded.
The gnoll closely misses you. The gnoll hits you with a +0 halberd!
* * * LOW HITPOINT WARNING * * *
The gnoll attacks as you move away! The gnoll hits you with a +0 flail.
You die...

##..#.# #... ,
#..#.#########.###
#.......gg.g†..#
##.#.#########.#
#.#.# #.# # #.#
#.# #.# #g## ..#
#gg# ### ##h# * ,
,,* #.# * *** #.#
* ........#
######### * * , *
, , * ,,


You could see 2 gnolls and a goblin.

Vanquished Creatures
  A worm (D:2)
  3 endoplasms (D:2)
  A giant cockroach (D:1)
  A hobgoblin (D:2)
  A quokka (D:3)
  2 ball pythons
  A bat (D:1)
  2 frilled lizards (D:1)
  3 goblins (D:2)
15 creatures vanquished.

Notes
Turn   | Place    | Note
-------+----------+-------------------------------------------
     0 | D:1      | cforsyth the Meteoran Shapeshifter began the quest for the
                  | Orb.
     0 | D:1      | Reached XP level 1. HP: 17/17 MP: 2/2
   170 | D:2      | Reached XP level 2. HP: 8/25 MP: 3/3
   279 | D:2      | Reached XP level 3. HP: 30/30 MP: 4/4
   293 | D:2      | You fall into a shaft and drop 1 floor!
   344 | D:3      | HP: 1/30 [gnoll/+0 halberd (12)]
   345 | D:3      | Slain by a gnoll

Illustrated notes

Levels and vault maps discovered:
D:1:      saegor_arrival_simple_e, layout_loops_corners, minmay_misc_feat_cross,
          serial_bayou_pond_a, minmay_misc_feat_iff
D:2:      layout_loops_corners, uniq_jessica
D:3:      layout_loops_ring, nicolae_goblin_pals

Action                     || total
---------------------------++-------
  Melee: Unarmed           ||    40
         Punch             ||     2
 Armour: Animal skin       ||     6
  Dodge: Dodged            ||    26

Table legend: (Time is in decaauts)
 A = Elapsed time spent in this place.
 B = Non-inter-level travel time spent in this place.
 C = Inter-level travel time spent in this place.
 D = Time resting spent in this place.
 E = Time spent auto-exploring this place.
 F = Levels seen in this place.
 G = Mean time per level.
                   A        B        C        D        E       F      G
               +--------+--------+--------+--------+--------+-----+--------+
         Total |    342 |    342 |      0 |      0 |     79 |   3 |  114.0 |
       Dungeon |    342 |    342 |      0 |      0 |     79 |   3 |  114.0 |
               +--------+--------+--------+--------+--------+-----+--------+

Top non-repeatable levels by time:
     D:1: 159 daAuts
     D:2: 131 daAuts
     D:3: 51 daAuts
